 Dungeon Crawl Stone Soup version 0.31.0-12-g77e489cdc1 (webtiles) character file.

Game seed: 7470261925728242701

116 PaiMei the Chiller (level 5, -4/38 HPs)
             Began as a Merfolk Ice Elementalist on Mar 5, 2024.
             Slain by Sigmund
             ... wielding a +0 scythe
              (9 damage)
             ... on level 2 of the Dungeon.
             The game lasted 00:04:19 (3199 turns).

PaiMei the Chiller (Merfolk Ice Elementalist)       Turns: 3199, Time: 00:04:19

Health: -4/38      AC:  9    Str:  8    XL:     5   Next: 1%
Magic:  9/9        EV: 13    Int: 16    God:
Gold:   92         SH:  0    Dex: 20    Spells: 5/9 levels left

rFire   . . .        i - +0 spear
rCold   . . .        (no shield)
rNeg    . . .        j - +5 leather armour "Mioveaje" {-Tele ^Contam rElec Dex+5}
rPois   .            (no helmet)
rElec   +            (no cloak)
rCorr   .            m - +0 pair of gloves
SInv    .            (no boots)
Will    .....        (no amulet)
Stlth   ++           (no ring)
HPRegen 0.26/turn    (no ring)
MPRegen 0.11/turn

%: no teleportation
@: no status effects
A: (nimble swimmer 2), mertail
a: no special abilities


You were on level 2 of the Dungeon.
You visited 1 branch of the dungeon, and saw 3 of its levels.

You collected 92 gold pieces.

Inventory:

Hand Weapons
 i - a +0 spear (weapon)
Missiles
 e - 4 poisoned darts (quivered)
Armour
 j - the +5 leather armour "Mioveaje" (worn) {-Tele ^Contam rElec Dex+5}
   (You found it on level 2 of the Dungeon)

   Dex+5:     It affects your dexterity (+5).
   rElec:     It insulates you from electricity.
   -Tele:     It prevents most forms of teleportation.
   ^Contam:   It causes magical contamination when unequipped.
 m - a +0 pair of gloves (worn)
Scrolls
 g - a scroll of immolation {unknown}
 k - a scroll of blinking {unknown}
 l - a scroll of noise {unknown}
 n - a scroll of vulnerability {unknown}
 q - a scroll of identify {unknown}
 r - a scroll of fear {unknown}
Potions
 b - a potion of magic
 c - a potion of haste {unknown}
 f - a potion of attraction {unknown}
 h - a potion of berserk rage {unknown}
 o - a potion of curing {unknown}
 p - a potion of invisibility {unknown}


   Skills:
 + Level 2.2 Fighting
 + Level 4.0 Dodging
 - Level 2.1 Stealth
 + Level 2.8 Spellcasting
 + Level 5.0 Ice Magic


You had 5 spell levels left.
You knew the following spells:

 Your Spells              Type           Power      Damage    Failure   Level
a - Freeze                Ice            72%        1d8       3%          1
b - Frozen Ramparts       Ice            36%        1d6       11%         3

Your spell library contained the following spells:

 Spells                   Type           Power      Damage    Failure   Level
 Ozocubu's Armour         Ice            18%        N/A       11%         3
 Necrotise                Necr           8%         1d4       28%         1
 Summon Ice Beast         Ice/Summ       10%        N/A       30%         3
 Cigotuvi's Dreadful Rot  Necr/Alch/Air  4%         N/A       38%         2
 Vampiric Draining        Necr           2%         2d6       63%         3
 Dispel Undead            Necr           2%         3d7       95%         4
 Martyr's Knell           Necr/Summ      2%         N/A       95%         4
 Curse of Agony           Necr           2%         N/A       100%        5
 Death Channel            Necr           1%         N/A       100%        6


Dungeon Overview and Level Annotations

Branches:
Dungeon (3/15)

Altars:

Annotations:
D:2 Sigmund


Innate Abilities, Weirdness & Mutations

((You are very nimble when in or above water. (Stealth+, EV+, Speed+++)))
Your lower body shifts to a powerful aquatic tail in water.


Message History

Something hits you.
You're too confused to cast spells.
You're too confused to cast spells.
Something hits you.
You're too confused to cast spells.
You bump into the rock wall.
You're too confused to cast spells.
You hit something.
You hear some strange, mumbled words.
A magic dart appears from out of thin air!
The magic dart hits you.
* * * LOW HITPOINT WARNING * * *
You're too confused to cast spells.
You miss something.
You feel less confused. Something hits you but does no damage.
Casting: Freeze (safe; 3% risk of failure)
Confirm with . or Enter, or press ? or * to list all spells.
You can't see any susceptible monsters within range! (Use Z to cast anyway.)
Casting: Freeze (safe; 3% risk of failure)
Confirm with . or Enter, or press ? or * to list all spells.
You can't see any susceptible monsters within range! (Use Z to cast anyway.)
You closely miss something. Something hits you.
* * * LOW HITPOINT WARNING * * *
Casting: Freeze (safe; 3% risk of failure)
Confirm with . or Enter, or press ? or * to list all spells.
You can't see any susceptible monsters within range! (Use Z to cast anyway.) Sigmund appears from thin air!
Reactivating autopickup.
Sigmund misses you.
Sigmund points at you and mumbles some strange words.
The puff of flame hits you.
* * * LOW HITPOINT WARNING * * *
Sigmund says, "Now you see me, now you don't..."
Sigmund gestures at you while chanting.
The magic dart hits you but does no damage.
Sigmund barely misses you. Sigmund hits you with a +0 scythe!
You die...
Sigmund begins carving another notch in his scythe.

....# #.# ####>......# ....# #.#
##.......##.# ....# #.#
##..####.###.# ...##
#.###...####.###.# #.##
#...)............. #.#
#####..........#.. #.#
##..####.#.### ..#
#############..###....# #
#.#######.......@@............# #
#.......#.###########.##.#....###
#.#####.#.# #.##.##....## #.#
#.#.###########........#... #.#
#.#.#.........####..#...)## #.#
###.#.#.#######.## #..#.#.##
#.###............#.#.###..#.#.#
#............#....###.......#.#
#####.#).......#..)#...##..##.#


You could see Sigmund.

Vanquished Creatures
  Natasha (D:2)
  A gnoll (D:1)
  4 adders (D:2)
  A ribbon worm (D:2)
  4 endoplasms
  2 giant cockroaches
  3 goblins
  4 hobgoblins
  2 jackals (D:1)
  4 kobolds
  A quokka (D:1)
  3 ball pythons
  6 bats
  A frilled lizard (D:2)
  6 rats
43 creatures vanquished.

Notes
Turn   | Place    | Note
-------+----------+-------------------------------------------
     0 | D:1      | PaiMei the Merfolk Ice Elementalist began the quest for the
                  | Orb.
     0 | D:1      | Reached XP level 1. HP: 13/13 MP: 3/3
    16 | D:1      | Noticed a minotaur skeleton
   278 | D:1      | Reached XP level 2. HP: 17/20 MP: 1/5
   467 | D:1      | Reached skill level 1 in Fighting
   654 | D:1      | Reached XP level 3. HP: 24/26 MP: 2/6
   793 | D:1      | Found a faded altar of an unknown god.
  1168 | D:2      | Identified the +5 leather armour "Mioveaje" {-Tele ^Contam
                  | rElec Dex+5}
  1331 | D:2      | Noticed Sigmund
  1378 | D:2      | Learned a level 3 spell: Frozen Ramparts
  1511 | D:2      | Reached XP level 4. HP: 33/33 MP: 2/7
  1767 | D:3      | Noticed a centaur
  2745 | D:2      | Noticed Natasha
  2752 | D:2      | Killed Natasha
  2753 | D:2      | Reached skill level 5 in Ice Magic
  3026 | D:2      | Reached XP level 5. HP: 38/38 MP: 5/9
  3199 | D:2      | Slain by Sigmund

Illustrated notes

Levels and vault maps discovered:
D:1:      shiori_arrival_whats_in_store_for_you, layout_basic,
          shapermc_ecumenical_altar_pompeii, lemuel_flame_loot_1
D:2:      layout_loops_ring, kennysheep_generic_room_4, uniq_natasha,
          uniq_sigmund
D:3:      layout_basic

Skill      XL: |  1  2  3  4 |
---------------+-------------+-----
Dodging        | 3 4 |  4.0
Fighting       | 1 2 |  2.2
Ice Magic      | 5 |  5.0
Stealth        | |  2.1
Spellcasting   | |  2.8

Action                     |  1- 3 |  4- 6 || total
---------------------------+-------+-------++-------
  Melee: Whip              |    17 |       ||    17
         Unarmed           |     5 |       ||     5
         Spear             |     4 |    41 ||    45
   Cast: Freeze            |    44 |    29 ||    73
   Stab: Sleeping          |     1 |     1 ||     2
 Armour: Robe              |    21 |       ||    21
         Leather armour    |     8 |    51 ||    59
  Dodge: Dodged            |    49 |    37 ||    86
